 Dungeon Crawl Stone Soup version 0.22.1-1-ga44c0e5 (webtiles) character file.

436 tifemel the Covered (level 6, 0/57 HPs)
             Began as a Minotaur Fighter on Sept 30, 2018.
             Was an Initiate of Okawaru.
             Slain by a river rat (5 damage)
             ... summoned by Eustachio
             ... on level 4 of the Dungeon.
             The game lasted 00:07:42 (3179 turns).

tifemel the Covered (Minotaur Fighter)              Turns: 3179, Time: 00:07:42

Health: 0/57       AC:  7    Str: 22      XL:     6   Next: 68%
Magic:  5/5        EV:  9    Int:  5      God:    Okawaru [......]
Gold:   314        SH:  0    Dex:  8 (10) Spells: 5/5 levels left

rFire    . . .     SeeInvis .   a - +0 war axe
rCold    . . .     Gourm    .   (no shield)
rNeg     . . .     Faith    .   b - +0 scale mail
rPois    .         Spirit   .   (helmet restricted)
rElec    .         Reflect  .   (no cloak)
rCorr    .         Harm     .   (no gloves)
MR       .....                  (no boots)
Stlth    ..........             (no amulet)
HPRegen  0.19/turn              (no ring)
MPRegen  0.09/turn              (no ring)

@: lethally poisoned (0 -> -4)
A: retaliatory headbutt, horns 2
a: Renounce Religion


You were on level 4 of the Dungeon.
You worshipped Okawaru.
Okawaru was noncommittal.
You were hungry.

You visited 2 branches of the dungeon, and saw 5 of its levels.

You collected 314 gold pieces.

Inventory:

Hand Weapons
 a - a +0 war axe (weapon)
Missiles
 k - 99 arrows
Armour
 b - a +0 scale mail (worn)
 c - a +0 shield
Jewellery
 n - a cursed ring of attention {unknown}
 u - a +5 amulet of reflection {unknown}
 w - an uncursed ring of see invisible {unknown}
Scrolls
 e - 5 scrolls of identify {unknown}
 g - 2 scrolls of teleportation {unknown}
 i - a scroll of immolation {unknown}
 o - a scroll of random uselessness {unknown}
 q - 2 scrolls of remove curse {unknown}
 r - a scroll of fear {unknown}
 s - a scroll of amnesia {unknown}
 y - a scroll of enchant weapon {unknown}
Potions
 d - a potion of might
 h - a potion of flight {unknown}
 l - a potion of ambrosia {unknown}
 m - 2 potions of agility
 p - 2 potions of magic {unknown}
 t - a potion of heal wounds {unknown}
 v - a potion of degeneration {unknown}
Comestibles
 f - 6 rations


   Skills:
 + Level 6.0 Fighting
 + Level 5.3 Axes
 + Level 6.0 Armour
 - Level 3.6 Shields


You had 5 spell levels left.
You didn't know any spells.
Your spell library was empty.

Dungeon Overview and Level Annotations

Branches:
Dungeon (4/15)             Temple (1/1) D:4

Altars:
Elyvilon
Fedhas
Makhleb
Nemelex Xobeh
Okawaru
Trog
Uskayaw
Yredelemnul

Annotations:
D:4 Eustachio


Innate Abilities, Weirdness & Mutations

You reflexively headbutt those who attack you in melee.
You have a pair of horns on your head.


Message History

Eustachio is almost dead.
You hit the rat.
You kill the rat!
The rat's corpse disappears in a puff of smoke!
Eustachio hits you but does no damage.
You are more poisoned.
You barely miss Eustachio.
Eustachio is almost dead.
You hit the river rat.
* * * LOW HITPOINT WARNING * * *
You feel sick.
Eustachio screams, "This atrocity can only be purified with blood!"
Eustachio mumbles some strange words.
The river rat barely misses you.
You barely miss Eustachio.
Eustachio is almost dead.
You hit the river rat but do no damage. You barely miss the crimson imp.
* * * LOW HITPOINT WARNING * * *
You feel sick. Eustachio closely misses you. The river rat bites you.
You die...

#..##.# #.# #..#... ..#
#.# #..##.# #..## #.#
###..##.# #(..# #.#
###.#..##.# # #...#
.§.#...##.###.# #...#
§§###.........# #...#
#≈.#.#.###.#######...#####
#
###.##.......55@@r...<....
#
⌠##.######..####5#...####
# ###.# ##.###(#....# #
⌠##.# ##...#.###...# #
###.# #.......#....# ### #
#.# ##.###.##.#..... #..
###.####..# +.##>########
#.#
..........######........#
#.# ..######...#
#........# #.#


You could see Eustachio, a crimson imp, a river rat, a shadow imp and an
ufetubus.

Vanquished Creatures
  A water moccasin (D:4)
  2 orc priests
  2 orc wizards (D:4)
  An iguana (D:4)
  Robin (D:3)
  6 adders
  3 worms
  A dart slug (D:4)
  2 leopard geckos (D:2)
  10 orcs
  5 ball pythons
  2 giant cockroaches (D:2)
  17 goblins
  8 hobgoblins
  15 jackals
  2 quokkas (D:3)
  4 bats
  6 frilled lizards
  13 kobolds
  6 rats
  A fungus (D:2)
108 creatures vanquished.

Notes
Turn   | Place    | Note
-------+----------+-------------------------------------------
     0 | D:1      | tifemel the Minotaur Fighter began the quest for the Orb.
     0 | D:1      | Reached XP level 1. HP: 19/19 MP: 0/0
   242 | D:1      | Reached XP level 2. HP: 27/27 MP: 1/1
   707 | D:2      | Reached XP level 3. HP: 31/33 MP: 2/2
  1188 | D:2      | Found a white marble altar of Elyvilon.
  1196 | D:2      | Reached XP level 4. HP: 31/41 MP: 3/3
  1826 | D:3      | Noticed Robin
  1862 | D:3      | Killed Robin
  2077 | D:3      | Reached skill level 5 in Fighting
  2077 | D:3      | Reached skill level 5 in Armour
  2077 | D:3      | Reached XP level 5. HP: 48/48 MP: 4/4
  2476 | D:4      | Found a bloodstained altar of Trog.
  2516 | D:4      | Noticed a water moccasin
  2529 | D:4      | Killed a water moccasin
  2529 | D:4      | Reached XP level 6. HP: 22/56 MP: 5/5
  2706 | D:4      | Reached skill level 5 in Axes
  2939 | D:4      | Found a staircase to the Ecumenical Temple.
  2966 | Temple   | Entered the Ecumenical Temple
  3018 | Temple   | Became a worshipper of Warmaster Okawaru
  3106 | D:4      | Found a sparkling altar of Nemelex Xobeh.
  3127 | D:4      | Noticed Eustachio
  3179 | D:4      | Slain by a river rat

Skill      XL: |  1  2  3  4  5  6 |
---------------+-------------------+-----
Armour         | 4 5 6 |  6.0
Axes           | 3 4 5 |  5.3
Fighting       | 4 5 6 |  6.0
Shields        | |  3.6

Action                   |  1- 3 |  4- 6 || total
-------------------------+-------+-------++-------
Melee: War axe           |    89 |   182 ||   271
       Headbutt          |    11 |    22 ||    33
  Use: Potion            |       |     2 ||     2
  Eat: Chunk             |       |     7 ||     7
Armor: Scale mail        |    38 |   122 ||   160
Dodge: Dodged            |    39 |   117 ||   156
